[Event "*** Titled Tuesday Blitz"]
[Site "Chess.com"]
[Date "2020.11.24"]
[Round "8"]
[White "IgorBjelobrk"]
[Black "ChessWarrior3"]
[Result "1-0"]
[WhiteElo "2663"]
[BlackElo "2099"]
[TimeControl "180+1"]
[EndTime "11:43:48 PST"]
[Termination "IgorBjelobrk won by resignation"]

1. c4 c5 2. g3 Nc6 3. Bg2 g6 4. Nc3 Bg7 5. Nf3 d6 6. O-O e5 7. d3 Nge7 8. a3 O-O 9. Rb1 a5 10. Bd2 Be6 11. Ng5 Bf5 12. b4 axb4 13. axb4 h6 14. b5 hxg5 15. bxc6 Nxc6 16. Rxb7 Nd4 17.
e3 Bc8 18. exd4 Bxb7 19. Bxb7 Rb8 20. Bg2 exd4 21. Nd5 Rb2 22. Bc1 Kh7 23. Bxb2 1-0

[Event "*** Titled Tuesday Blitz"]
[Site "Chess.com"]
[Date "2020.11.24"]
[Round "8"]
[White "MF1966Idrisov"]
[Black "ashookk"]
[Result "1-0"]
[WhiteElo "2398"]
[BlackElo "2252"]
[TimeControl "180+1"]
[EndTime "11:43:52 PST"]
[Termination "MF1966Idrisov won by resignation"]

1. Nf3 Nf6 2. b3 d5 3. Bb2 c6 4.
e3 Bg4 5. d4 Nbd7 6. Be2 e6 7.
O-O a5 8. a3 Be7 9. Ne5 Bxe2 10. Qxe2 Nxe5 11. dxe5 Nd7 12. f4 O-O 13. Nd2 f6 14. Qg4 f5 15. Qe2 Nc5 16. Bd4 Ne4 17. Nxe4 dxe4 18. Rfd1 Qc8 19. Qc4 b5 20. Qe2 Qb7 21.
a4 Rad8 22. axb5 Qxb5 23. Qxb5 cxb5 24. Rxa5 Rd5 25. Rda1 b4 26. Rxd5 exd5 27. Ra7 1-0

[Event "*** Titled Tuesday Blitz"]
[Site "Chess.com"]
[Date "2020.11.24"]
[Round "8"]
[White "Sueetin"]
[Black "mapleaff"]
[Result "0-1"]
[WhiteElo "2282"]
[BlackElo "2406"]
[TimeControl "180+1"]
[EndTime "11:43:54 PST"]
[Termination "mapleaff won by resignation"]

1. e4 c5 2. Nf3 Nc6 3. d4 cxd4 4. Nxd4 h5 5. Nc3 Nf6 6. Nxc6 bxc6 7. Bc4 Qa5 8. O-O h4 9. e5 Qxe5 10. Re1 Qc7 11. Bg5 d5 12. Nxd5 Nxd5 13. Bxd5 cxd5 14. Qxd5 Bb7 15. Qf5 Qc6 16. f3 e6 17. Rad1 Qc5+ 18. Qxc5 Bxc5+ 19. Kf1 h3 20. c3 hxg2+ 21. Kxg2 Rh5 22. h4 Be7 23. Rd4 Bxg5 24. hxg5 Rxg5+ 25. Kf2 Rf5 26. Ree4 Bxe4 0-1

[Event "*** Titled Tuesday Blitz"]
[Site "Chess.com"]
[Date "2020.11.24"]
[Round "8"]
[White "picturesquecheck"]
[Black "oykuince"]
[Result "1-0"]
[WhiteElo "2110"]
[BlackElo "1951"]
[TimeControl "180+1"]
[EndTime "11:43:55 PST"]
[Termination "picturesquecheck won by resignation"]

1. e4 c5 2. Nf3 e6 3. d4 cxd4 4.
Nxd4 Nc6 5. Be2 Qc7 6. O-O Nf6 7. Nc3 a6 8. Be3 b5 9. a3 Bb7 10. f4 d6 11. Kh1 Be7 12. Bf3 O-O 13. Qe1 Na5 14.
Bc1 Nc4 15. b3 Nb6 16. Bb2 d5 17. e5 Ne8 18. f5 Bc5 19. Nce2 Qxe5 20. b4 Bxd4 21.
Bxd4 Qc7 22. fxe6 fxe6 23. Bg4 Qd6 24. Rxf8+ Kxf8 25. Bc5 1-0

[Event "*** Titled Tuesday Blitz"]
[Site "Chess.com"]
[Date "2020.11.24"]
[Round "8"]
[White "No_t_ime_to_die"]
[Black "VladimirBugayev"]
[Result "1-0"]
[WhiteElo "2427"]
[BlackElo "2308"]
[TimeControl "180+1"]
[EndTime "11:43:58 PST"]
[Termination "No_t_ime_to_die won by resignation"]

1. e4 c5 2. Nf3 g6 3. d4 cxd4 4. Nxd4 Bg7 5. Nc3 Nc6 6. Be3 Nf6 7.
Bc4 O-O 8. Bb3 d6 9. f3 a6 10. Qd2 Bd7 11. O-O-O Rc8 12. Kb1 Ne5 13. h4 h5 14. Bh6 Nc4 15. Qg5 Qa5 16. Bxg7 Kxg7 17. Bxc4 Rc5 18. e5 Nh7 19. Qxe7 Rxc4 20. Qxd7 Rxc3 21.
bxc3 Qb6+ 22. Nb3 dxe5 23. Qd6 Qb5 24. Rhe1 Re8 25. Qd7 Nf6 26. Qxb5 axb5 27. Rd6 Rc8 28. Rb6 Rc4 29. Rxb7 1-0

[Event "*** Titled Tuesday Blitz"]
[Site "Chess.com"]
[Date "2020.11.24"]
[Round "8"]
[White "03revilo"]
[Black "halldorgretar"]
[Result "0-1"]
[WhiteElo "2310"]
[BlackElo "2177"]
[TimeControl "180+1"]
[EndTime "11:44:02 PST"]
[Termination "halldorgretar won by resignation"]

1. e4 c5 2. Nf3 Nc6 3. d4 cxd4 4.
Nxd4 Nf6 5. Nc3 e5 6. Ndb5 d6 7. Bd2 a6 8. Na3 b5 9. Nd5 Nxe4 10. Bd3 Nxd2 11. Qxd2 f5 12. O-O Be7 13. c4 b4 14.
Nxb4 Qa5 15. Nac2 O-O 16. Rfd1 Nxb4 17. Nxb4 Bg5 18. Qc3 Bb7 19. Bf1 Qc5 20. Nd5 Rac8 21. b3 Bxd5 22. Rxd5 Qxd5 23. Qg3 Qd4 0-1

[Event "*** Titled Tuesday Blitz"]
[Site "Chess.com"]
[Date "2020.11.24"]
[Round "8"]
[White "GelmanAlexander"]
[Black "Rainmond"]
[Result "0-1"]
[WhiteElo "2583"]
[BlackElo "2781"]
[TimeControl "180+1"]
[EndTime "11:44:10 PST"]
[Termination "Rainmond won on time"]

1. d4 g6 2. Nc3 Bh6 3. Bxh6 Nxh6 4. Qd2 Ng8 5. e4 Kf8 6. O-O-O Kg7 7. h4 h6 8. h5 g5 9. f4 d6 10. fxg5 Nc6 11.
Nf3 Bg4 12. Rh4 Bxf3 13. gxf3 e5 14. Rg4 Nxd4 15. f4 Kf8 16. g6 fxg6 17. hxg6 Kg7 18.
Qh2 Nf6 19. Rg2 Qe7 20. Bc4 Raf8 21. Bf7 c5 22. Rf1 b5 23. Qh4 b4 24. Nd1 exf4 25. Rxf4 Ng8 26. Qf2 Qe5 27. Ne3 Ne7 28. Ng4 Ne2+ 29.
Qxe2 Qxf4+ 30. Kb1 Nc6 31. c3 bxc3 32. bxc3 Rb8+ 33.
Kc2 Nd4+ 34. cxd4 cxd4 35. Kd3 Qc1 0-1

[Event "*** Titled Tuesday Blitz"]
[Site "Chess.com"]
[Date "2020.11.24"]
[Round "8"]
[White "sara_khm"]
[Black "OK97"]
[Result "0-1"]
[WhiteElo "2590"]
[BlackElo "2785"]
[TimeControl "180+1"]
[EndTime "11:44:13 PST"]
[Termination "OK97 won by resignation"]

1. d4 d6 2. Nf3 Nf6 3. g3 g6 4. c4 Bf5 5. Bg2 Bg7 6. O-O O-O 7. Ng5 Qc8 8. e4 Bd7 9. Nc3 Nc6 10. d5 Ne5 11.
Qb3 h6 12. Nf3 Nxf3+ 13. Bxf3 Bh3 14. Re1 Ng4 15. Nb5 c6 16. Nc3 Bd4 17. Nd1 cxd5 18. exd5 Ne5 19. Bxh6 Re8 20. Be2 Qf5 21. Be3 Nf3+ 22.
Kh1 Nxe1 23. Bxd4 0-1

[Event "*** Titled Tuesday Blitz"]
[Site "Chess.com"]
[Date "2020.11.24"]
[Round "8"]
[White "anon481216"]
[Black "zverr1"]
[Result "0-1"]
[WhiteElo "2399"]
[BlackElo "2520"]
[TimeControl "180+1"]
[EndTime "11:44:20 PST"]
[Termination "zverr1 won by resignation"]

1. d4 Nf6 2. c4 g6 3. Nc3 Bg7 4. e4 d6 5. Be2 O-O 6. Bg5 c5 7. d5 h6 8. Bf4 e6 9. dxe6 Bxe6 10. Qd2 Qa5 11. Bxd6 Rd8 12. Nf3 Ne8 13. e5 Nc6 14.
Ne4 Qxd2+ 15. Nfxd2 Nxe5 16. Bxc5 Nd3+ 17. Bxd3 Rxd3 18. Ba3 Rxa3 19. bxa3 Bxa1 20. Ke2 Bg7 21. Rb1 b6 22. a4 Rc8 23. a5 Bxc4+ 24. Nxc4 Rxc4 25.
f3 Rc2+ 26. Kd3 Rxa2 27. axb6 axb6 28. Rxb6 Nc7 29. Rb8+ Kh7 30. Rb7 Be5 31. g3 g5 32.
h4 f5 33. Nf6+ Bxf6 34. Rxc7+ Kg6 35. hxg5 hxg5 36. g4 fxg4 37. fxg4 Ra4 0-1

[Event "*** Titled Tuesday Blitz"]
[Site "Chess.com"]
[Date "2020.11.24"]
[Round "8"]
[White "barriochess"]
[Black "igorknyazev"]
[Result "1-0"]
[WhiteElo "2369"]
[BlackElo "2077"]
[TimeControl "180+1"]
[EndTime "11:44:24 PST"]
[Termination "barriochess won by resignation"]

1. d4 Nf6 2. Bg5 c5 3. d5 Ne4 4.
Bf4 Qa5+ 5. c3 d6 6. f3 Nf6 7. e4 g6 8. Na3 Bg7 9. Qd2 O-O 10.
Nc4 Qc7 11. a4 Nbd7 12. a5 Nh5 13. Be3 Ne5 14. Nxe5 Bxe5 15. g4 Nf6 16. Bg2 Nd7 17.
f4 Bg7 18. Nf3 Nf6 19. g5 Nxe4 20. Qc2 Bf5 21. Nh4 Ng3 22. Nxf5 Nxf5 23. Bf2 b5 24. axb6 axb6 25. O-O b5 26. Be4 Qd7 27. Kg2 f6 28. h4 e5 29. dxe6 Qxe6 30. Rxa8 Rxa8 31. Bxa8 Ne3+ 32. Bxe3 Qg4+ 33. Kf2 Qxh4+ 34. Ke2 fxg5 35. Bd5+ Kh8 36. fxg5 Qh2+ 37. Rf2 Qe5 38. Qe4 b4 39. Qxe5 1-0

[Event "*** Titled Tuesday Blitz"]
[Site "Chess.com"]
[Date "2020.11.24"]
[Round "8"]
[White "PattyCastillo"]
[Black "Margarita2907"]
[Result "0-1"]
[WhiteElo "2035"]
[BlackElo "2226"]
[TimeControl "180+1"]
[EndTime "11:44:24 PST"]
[Termination "Margarita2907 won by resignation"]

1. d4 Nf6 2. Nf3 e6 3. e3 d5 4. Bd3 c5 5. b3 Nc6 6. Bb2 Bd6 7. O-O O-O 8. Nbd2 b6 9. Ne5 Qc7 10. f4 cxd4 11. Nxc6 Qxc6 12. exd4 a5 13. Qe2 a4 14. c4 dxc4 15. bxc4 Bb7 16. Nf3 Bxf4 17. Ne5 Bxe5 18. dxe5 Nd7 19. Rf3 Qc5+ 20. Rf2 Rad8 21. Rf1 Nb8 22. Kh1 Nc6 23. a3 Nd4 24. Bxd4 Qxd4 25.
Bb1 Ba6 26. Qh5 g6 27. Qh6 Qxf2 0-1

[Event "*** Titled Tuesday Blitz"]
[Site "Chess.com"]
[Date "2020.11.24"]
[Round "8"]
[White "The_Machine04"]
[Black "Witik"]
[Result "0-1"]
[WhiteElo "2501"]
[BlackElo "2688"]
[TimeControl "180+1"]
[EndTime "11:44:26 PST"]
[Termination "Witik won by resignation"]

1. d4 d6 2. Nf3 c6 3. e4 Nd7 4. Nbd2 h6 5. Bc4 g5 6. c3 Bg7 7. Qe2 Nf8 8. Nf1 Ng6 9. Ng3 g4 10.
Ng1 h5 11. Nf5 Bxf5 12. exf5 Nh4 13. Bxf7+ Kxf7 14. Qe6+ Kf8 15. Bg5 Bf6 16. Bd2 Nxg2+ 17. Kf1 Nh4 18. Ne2 Nf3 19. Nf4 Nxd2+ 20. Ke2 Nf3 21.
Ng6+ Kg7 22. h3 Ng5 23. Qe3 Nh6 24. Rag1 Nxf5 25. Qd3 Kxg6 26. hxg4 hxg4 27. Rxh8 Qxh8 28. Rxg4 Qh5 0-1

[Event "*** Titled Tuesday Blitz"]
[Site "Chess.com"]
[Date "2020.11.24"]
[Round "8"]
[White "akanga001"]
[Black "Ariadna_Atreides"]
[Result "1-0"]
[WhiteElo "1948"]
[BlackElo "2089"]
[TimeControl "180+1"]
[EndTime "11:44:31 PST"]
[Termination "akanga001 won by resignation"]

1. d4 Nf6 2. c4 e6 3. Nf3 Bb4+ 4. Nbd2 O-O 5. a3 Bxd2+ 6. Qxd2 b6 7. b4 Bb7 8. Bb2 d6 9. g3 Nbd7 10. Bg2 Ne4 11. Qe3 f5 12. O-O Ndf6 13. h3 a5 14.
Rfd1 Qe7 15. Nd2 axb4 16. axb4 Rxa1 17. Rxa1 Rb8 18. Ra7 d5 19. c5 bxc5 20. dxc5 Bc6 21. Be5 Rxb4 22. Rxc7 Qe8 23. Nxe4 Nxe4 24. Rxg7+ Kf8 25.
Qh6 Rb1+ 26. Kh2 Qa8 27. Rxh7+ Ke8 28. Qxe6+ Kd8 29. Qe7+ 1-0

[Event "*** Titled Tuesday Blitz"]
[Site "Chess.com"]
[Date "2020.11.24"]
[Round "8"]
[White "PLAYER_2006_M"]
[Black "SchieberSpieler"]
[Result "1/2-1/2"]
[WhiteElo "2481"]
[BlackElo "2342"]
[TimeControl "180+1"]
[EndTime "11:44:36 PST"]
[Termination "Game drawn by repetition"]

1. d4 d5 2. Nc3 Nf6 3. Bf4 c5 4. e3 cxd4 5. exd4 a6 6. Nce2 Nc6 7. c3 Bg4 8. h3 Bh5 9. g4 Bg6 10. Bg2 e6 11. Nf3 Bd6 12. O-O O-O 13. Qd2 b5 14. Ng3 Ne4 15. Nxe4 Bxe4 16. Ne5 Bxg2 17. Nxc6 Qc7 18.
Bxd6 Qxd6 19. Kxg2 Qxc6 20. f4 Rfe8 21. f5 exf5 22.
Rxf5 Re7 23. Raf1 Rae8 24. R1f2 a5 25. Qf4 Qd7 26. Qg5 Rd8 27. h4 b4 28. cxb4 axb4 29. h5 h6 30. Qh4 Re4 31. R5f4 Rde8 32. Qg3 f6 33. Qd3 R8e6 34. R2f3 Re2+ 35. Rf2 R2e4 36. R2f3 Re2+ 37. Rf2 R2e4 1/2-1/2

[Event "*** Titled Tuesday Blitz"]
[Site "Chess.com"]
[Date "2020.11.24"]
[Round "8"]
[White "ajedrezhoy"]
[Black "mortngabriel"]
[Result "0-1"]
[WhiteElo "2220"]
[BlackElo "2355"]
[TimeControl "180+1"]
[EndTime "11:44:37 PST"]
[Termination "mortngabriel won by resignation"]

1. e4 c5 2. Nc3 a6 3. f4 b5 4.
Nf3 Bb7 5. d3 e6 6. g3 d5 7. Bg2 b4 8. Nb1 dxe4 9. Ng5 Nf6 10.
Nxe4 Nxe4 11. Bxe4 Bxe4 12. dxe4 Nc6 13. c3 bxc3 14. Qxd8+ Rxd8 15. bxc3 c4 16. Ke2 Bc5 17. Na3 Rd3 18. Nxc4 Rxc3 19. Nd2 Nd4+ 20. Kd1 O-O 21. Bb2 Rd3 22. Rc1 Bb4 23. Bxd4 Rxd2+ 0-1

[Event "*** Titled Tuesday Blitz"]
[Site "Chess.com"]
[Date "2020.11.24"]
[Round "8"]
[White "DoHoChess"]
[Black "RD4ever"]
[Result "0-1"]
[WhiteElo "2698"]
[BlackElo "2828"]
[TimeControl "180+1"]
[EndTime "11:44:42 PST"]
[Termination "RD4ever won by resignation"]

1. Nf3 Nf6 2. c4 c5 3. Nc3 e6 4.
g3 b6 5. Bg2 Bb7 6. O-O Be7 7.
Re1 d6 8. e4 Nbd7 9. d4 cxd4 10. Nxd4 Qc7 11. Ndb5 Qb8 12. Nd5 exd5 13. exd5 Ne5 14.
f4 Ng6 15. f5 Ne5 16. Bf4 Nfd7 17. Nd4 Qc7 18. Nc6 Bxc6 19. dxc6 Nf6 20. Bxe5 dxe5 21.
g4 h5 22. g5 Bc5+ 23. Kh1 Ng4 24. Qd7+ Qxd7 25. cxd7+ Kxd7 26. Bxa8 Rxa8 27. h3 Nf2+ 28.
Kg2 Bd4 29. Kf3 Nxh3 30. Rad1 Nxg5+ 31. Kg2 f6 32. Rh1 Rh8 33. b3 h4 34. Rd3 h3+ 35.
Kg3 Kd6 36. Kg4 Kc5 37. a3 a5 38. Rb1 h2 39. Rh1 Ne4 40. Rh3 Nf2+ 0-1

[Event "*** Titled Tuesday Blitz"]
[Site "Chess.com"]
[Date "2020.11.24"]
[Round "8"]
[White "rasmussvane"]
[Black "cstevens1"]
[Result "1-0"]
[WhiteElo "2877"]
[BlackElo "2581"]
[TimeControl "180+1"]
[EndTime "11:44:49 PST"]
[Termination "rasmussvane won by resignation"]

1. Nf3 d5 2. g3 Nf6 3. Bg2 c6 4. O-O Bg4 5. h3 Bxf3 6. Bxf3 Nbd7 7. d3 e5 8. e4 dxe4 9. dxe4 Bc5 10. Nd2 Qe7 11. Qe2 O-O 12. a4 a5 13. Kg2 Rfd8 14.
h4 Nf8 15. c3 Ne6 16. Nc4 Qc7 17. Bg5 Nxg5 18. hxg5 Nd7 19. Rh1 Nf8 20. Bg4 Qe7 21.
f4 Bd6 22. Raf1 Bc7 23. g6 Nxg6 24. f5 Nf8 25. f6 gxf6 26. Bf5 b5 27. Qh5 bxc4 28.
Bxh7+ 1-0

[Event "*** Titled Tuesday Blitz"]
[Site "Chess.com"]
[Date "2020.11.24"]
[Round "8"]
[White "Trickov"]
[Black "Anna_ChessMate"]
[Result "0-1"]
[WhiteElo "2354"]
[BlackElo "2574"]
[TimeControl "180+1"]
[EndTime "11:44:49 PST"]
[Termination "Anna_ChessMate won on time"]

1. d4 d5 2. Nf3 Nf6 3. c4 c6 4. Nc3 dxc4 5. a4 Bf5 6. e3 e6 7. Bxc4 Bb4 8. O-O O-O 9. Qb3 Qe7 10. Ne5 a5 11. Na2 Bd6 12. Bd2 Nbd7 13. f4 Ne4 14. Rad1 Ndf6 15. Be1 Rfc8 16. Bh4 b5 17. axb5 a4 18.
Qd3 cxb5 19. Bxb5 Ng3 20. e4 Ngxe4 21. Qe3 Qb7 22. Be2 Nd5 23. Qf3 Qxb2 24. Nc1 Ndc3 25. Bd3 Nxd1 26. Qxd1 Qxd4+ 27. Kh1 Bxe5 28. fxe5 Rxc1 29.
Qxc1 Qxd3 30. Rd1 Qe2 31. Re1 Qd2 32. Qc6 Rb8 0-1

[Event "*** Titled Tuesday Blitz"]
[Site "Chess.com"]
[Date "2020.11.24"]
[Round "8"]
[White "pastouche06"]
[Black "eCztery"]
[Result "1-0"]
[WhiteElo "2519"]
[BlackElo "2346"]
[TimeControl "180+1"]
[EndTime "11:44:51 PST"]
[Termination "pastouche06 won by resignation"]

1. d4 Nf6 2. c4 e6 3. Nc3 Bb4 4. e3 O-O 5. Ne2 c5 6. a3 Bxc3+ 7. Nxc3 cxd4 8. exd4 d5 9. c5 Nc6 10. Be2 e5 11. dxe5 Nxe5 12. Be3 Re8 13. O-O Bg4 14. Bd4 Bxe2 15. Nxe2 Nfg4 16. h3 Qh4 17. Ng3 Re6 18.
Nf5 Qg5 19. hxg4 Nxg4 20. Ne3 Rxe3 21. Bxe3 Qe5 22. Qxg4 1-0

[Event "*** Titled Tuesday Blitz"]
[Site "Chess.com"]
[Date "2020.11.24"]
[Round "8"]
[White "penguingm1"]
[Black "Kislov_Oleg"]
[Result "1-0"]
[WhiteElo "2949"]
[BlackElo "2385"]
[TimeControl "180+1"]
[EndTime "11:44:52 PST"]
[Termination "penguingm1 won by checkmate"]

1. e4 c5 2. Ke2 Nc6 3. Qe1 g6 4. Nc3 Bg7 5. h4 h5 6. d3 Nd4+ 7. Kd1 d6 8. Nge2 e6 9. Bg5 Ne7 10. f3 Rb8 11. Nxd4 Bxd4 12. g4 b5 13. Rb1 b4 14. Ne2 Bg7 15. Ng3 Qa5 16. gxh5 Qxa2 17. Kc1 gxh5 18. Be2 a5 19. Bf4 a4 20. Bxd6 Bh6+ 21. f4 Rb6 22. Be5 f6 23. Nxh5 fxe5 24. Qg1 exf4 25. Bf3 b3 26. c3 a3 27. Qxc5 Rc6 28.
Qd4 axb2+ 29. Kd2 Rf8 30. Nf6+ Kf7 31. Bh5+ Ng6 32. Rhg1 e5 33. Qd5+ Kxf6 34. Rxg6+ Ke7 35. Qxc6 Qxb1 36. Qd6+ Ke8 37. Rg8# 1-0

[Event "*** Titled Tuesday Blitz"]
[Site "Chess.com"]
[Date "2020.11.24"]
[Round "8"]
[White "nitpicker"]
[Black "eightbyeightchess"]
[Result "1-0"]
[WhiteElo "2309"]
[BlackElo "2405"]
[TimeControl "180+1"]
[EndTime "11:44:52 PST"]
[Termination "nitpicker won by resignation"]

1. d4 d5 2. c4 c6 3. Nf3 Nf6 4. Qb3 dxc4 5. Qxc4 Bf5 6. g3 Nbd7 7. Bg2 e6 8. Qb3 Nb6 9. Nc3 Be7 10. O-O O-O 11.
Rd1 Ne4 12. Ne5 Nxc3 13. bxc3 Bf6 14. Nd3 h6 15. Nc5 Qe7 16. a4 Rfd8 17. a5 Nd7 18. Nxb7 Rab8 19. Bxc6 e5 20. Ba3 Qe8 21. d5 e4 22. Rac1 e3 23. f3 h5 24. Qa4 h4 25.
Nd6 Qe5 26. f4 Bc2 27. fxe5 Bxa4 28. Bxa4 1-0

[Event "*** Titled Tuesday Blitz"]
[Site "Chess.com"]
[Date "2020.11.24"]
[Round "8"]
[White "LiamVrolijk"]
[Black "EvgenyRomanov"]
[Result "1-0"]
[WhiteElo "2799"]
[BlackElo "2593"]
[TimeControl "180+1"]
[EndTime "11:44:54 PST"]
[Termination "LiamVrolijk won on time"]

1. c4 e5 2. b3 Nc6 3. Bb2 g6 4. e3 Bg7 5. a3 Nge7 6. Qc2 O-O 7. Nf3 d5 8. cxd5 Nxd5 9. d3 a5 10. Be2 Re8 11. O-O Nb6 12. Nbd2 Bf5 13. Ne4 Nd7 14. Rac1 Rc8 15. Rfd1 Qe7 16. Qc4 Ncb8 17. b4 axb4 18.
axb4 c6 19. h3 Be6 20. Qc3 h6 21. Nc5 Nxc5 22. bxc5 Nd7 23. Nd2 Ra8 24. Ne4 Ra7 25.
Ra1 Rea8 26. Rxa7 Rxa7 27. Nd6 Qd8 28. f4 f5 29. fxe5 Nxe5 30. d4 Nf7 31. Bc4 Qd7 32.
d5 Bxc3 33. dxe6 1-0

[Event "*** Titled Tuesday Blitz"]
[Site "Chess.com"]
[Date "2020.11.24"]
[Round "8"]
[White "ARTHURMOTIVATOR"]
[Black "JiiHart"]
[Result "0-1"]
[WhiteElo "2268"]
[BlackElo "2088"]
[TimeControl "180+1"]
[EndTime "11:44:54 PST"]
[Termination "JiiHart won by resignation"]

1. e4 c5 2. b3 Nc6 3. Bb2 e6 4.
Nf3 d5 5. exd5 exd5 6. Bb5 Nf6 7. Qe2+ Be7 8. Bxf6 gxf6 9. Nc3 Rg8 10. O-O Bh3 11.
Nh4 Qd6 12. Rfe1 Be6 13. Rad1 O-O-O 14. Bxc6 Qxc6 15. Qf3 Bg4 16. Qd3 c4 17. Qxh7 Bd6 18. f3 Rh8 19. Qxf7 Rxh4 20. fxg4 Bxh2+ 21. Kf1 Rxg4 22. Qe6+ Kc7 23. Qxc6+ Kxc6 24. Re6+ Rd6 25. Rde1 Rf4+ 26. Ke2 Rxe6+ 27. Kd1 Rxe1+ 0-1

[Event "*** Titled Tuesday Blitz"]
[Site "Chess.com"]
[Date "2020.11.24"]
[Round "8"]
[White "Legendinunknown"]
[Black "UCantHandleDenker"]
[Result "1-0"]
[WhiteElo "2674"]
[BlackElo "2522"]
[TimeControl "180+1"]
[EndTime "11:44:59 PST"]
[Termination "Legendinunknown won by resignation"]

1. d4 Nf6 2. c4 e6 3. Nc3 d5 4. Nf3 Be7 5. Bf4 O-O 6. e3 c5 7. dxc5 Bxc5 8. a3 Nc6 9. Rc1 dxc4 10. Bxc4 Bd7 11. O-O Rc8 12. b4 Be7 13. Nb5 Nh5 14.
Bd6 a6 15. Bxe7 Qxe7 16. Nd6 Rb8 17. Be2 Nf6 18. Nc4 Rfd8 19. Nb6 Be8 20. Qb3 Nd5 21. Nxd5 Rxd5 22. Rfd1 Rbd8 23. Rxd5 Rxd5 24. h3 h6 25. Qc2 Qd6 26. e4 Nd4 27. Nxd4 Rxd4 28. Qc8 Qd8 29. Qxb7 Kh7 30. Rc8 Qd7 31. Qxd7 Bxd7 32. Rd8 e5 33. Bxa6 1-0

[Event "*** Titled Tuesday Blitz"]
[Site "Chess.com"]
[Date "2020.11.24"]
[Round "8"]
[White "Shankland"]
[Black "TigrVShlyape"]
[Result "0-1"]
[WhiteElo "2895"]
[BlackElo "2836"]
[TimeControl "180+1"]
[EndTime "11:45:00 PST"]
[Termination "TigrVShlyape won by resignation"]

1. e4 g6 2. d4 Bg7 3. c4 d6 4. Nc3 Nf6 5. Nf3 O-O 6. Be2 e5 7. Be3 Ng4 8. Bg5 f6 9. Bc1 Nc6 10. O-O f5 11. dxe5 Ngxe5 12. exf5 Bxf5 13. Be3 Ng4 14. Qd5+ Kh8 15. Bg5 Qd7 16. Rae1 Rae8 17. Qd2 h6 18. h3 hxg5 19. hxg4 Bxg4 20. Qxg5 Qf5 21. Qxf5 gxf5 22. Nh4 Bxc3 23. bxc3 Rxe2 24. Ng6+ Kg7 25. Nxf8 Kxf8 26. f3 Rxe1 27. Rxe1 Bh5 28. Re6 Kg7 29. a3 Bf7 30. Re1 Kf6 31. Kf2 Ne5 32. Rh1 f4 33. Rh8 Bxc4 34. Rc8 c5 35.
Rf8+ Bf7 36. Rb8 Bd5 37. Rf8+ Nf7 38. a4 b6 39. Re8 Bc6 0-1

[Event "*** Titled Tuesday Blitz"]
[Site "Chess.com"]
[Date "2020.11.24"]
[Round "8"]
[White "ajdemipopushi"]
[Black "sbouchet"]
[Result "1-0"]
[WhiteElo "2443"]
[BlackElo "2318"]
[TimeControl "180+1"]
[EndTime "11:45:01 PST"]
[Termination "ajdemipopushi won by resignation"]

1. Nf3 c5 2. g3 d5 3. Bg2 Nc6 4. d4 Nf6 5. O-O e6 6. c4 dxc4 7. Ne5 Nxe5 8. dxe5 Qxd1 9. Rxd1 Nd7 10. f4 f6 11.
exf6 gxf6 12. Na3 Nb6 13. Nb5 Kf7 14. Be3 Nd5 15. Bf2 a6 16. Na3 b5 17. e4 Nb4 18. e5 Nd5 19. exf6 Bb7 20. Nc2 Kxf6 21. a4 Be7 22. Re1 Rhd8 23. Re2 Kf7 24. Rae1 Bc8 25.
Ne3 Nxe3 26. Bxa8 Nd5 27. Bc6 b4 28. f5 Bf6 29. fxe6+ Ke7 30. Bxc5+ 1-0

[Event "*** Titled Tuesday Blitz"]
[Site "Chess.com"]
[Date "2020.11.24"]
[Round "8"]
[White "vugarrasulov"]
[Black "esapunov"]
[Result "1-0"]
[WhiteElo "2885"]
[BlackElo "2807"]
[TimeControl "180+1"]
[EndTime "11:45:04 PST"]
[Termination "vugarrasulov won by resignation"]

1. d4 Nf6 2. c4 g6 3. Nc3 Bg7 4. e4 O-O 5. Nge2 d6 6. f3 Nc6 7. Be3 a6 8. Qd2 Rb8 9. h4 h5 10. Nc1 e5 11. d5 Nd4 12. Nb3 Nxb3 13. axb3 c5 14. Nd1 Nh7 15. b4 b6 16. Nf2 f5 17.
Bh6 a5 18. Bxg7 Kxg7 19. exf5 Bxf5 20. bxa5 bxa5 21. Bd3 Bxd3 22. Nxd3 Ra8 23. Qc3 Kg8 24. Nf2 Nf6 25. O-O Qb6 26. Ra2 Qb4 27. Qc2 Kg7 28. Rfa1 Rfb8 29. Nh3 Qb3 30. Qxb3 Rxb3 31. Ng5 e4 32.
fxe4 Re3 33. Rxa5 Rxa5 34. Rxa5 Nxe4 35. Ra7+ Kg8 36. Re7 1-0

[Event "*** Titled Tuesday Blitz"]
[Site "Chess.com"]
[Date "2020.11.24"]
[Round "8"]
[White "AliKa2810"]
[Black "Lestofante90"]
[Result "1-0"]
[WhiteElo "2611"]
[BlackElo "2783"]
[TimeControl "180+1"]
[EndTime "11:45:04 PST"]
[Termination "AliKa2810 won by resignation"]

1. d4 Nf6 2. c4 g6 3. Nc3 Bg7 4. e4 d6 5. h3 O-O 6. Be3 Na6 7. g4 c5 8. Nge2 Qa5 9. Bg2 Qb4 10.
Qb3 Be6 11. d5 Bd7 12. O-O h5 13. g5 Ne8 14. f4 Nec7 15. f5 Be5 16. Nf4 Qxb3 17.
axb3 Kg7 18. Nd3 b6 19. Nxe5 dxe5 20. f6+ exf6 21. gxf6+ Kg8 22. d6 Nb4 23. dxc7 Nc2 24. Bh6 Nxa1 25. Bxf8 Nxb3 26. Bd6 Nd2 27. Rd1 Nxc4 28.
Bf1 Ne3 29. Rd3 Nxf1 30. Kxf1 a5 31. Bxe5 Bc8 32. Rd8+ Kh7 33. Nd5 a4 34. Nxb6 Bxh3+ 35. Kf2 Ra6 36. Nd7 1-0

[Event "*** Titled Tuesday Blitz"]
[Site "Chess.com"]
[Date "2020.11.24"]
[Round "8"]
[White "YIYUKI"]
[Black "BebeBonito2022"]
[Result "1-0"]
[WhiteElo "2337"]
[BlackElo "2106"]
[TimeControl "180+1"]
[EndTime "11:45:17 PST"]
[Termination "YIYUKI won by resignation"]

1. e4 e5 2. Nf3 Nc6 3. d4 exd4 4. Nxd4 Nf6 5. Nc3 Bb4 6. Nxc6 bxc6 7. Bd3 d5 8. exd5 cxd5 9. O-O O-O 10. h3 Re8 11.
Qf3 Rb8 12. Bf4 Bd6 13. b3 Bb7 14. Nb5 Bxf4 15. Qxf4 c5 16. Rfe1 Ne4 17. Bxe4 Rxe4 18. Rxe4 dxe4 19. Nxa7 Ra8 20. Nb5 Qd5 21. Nc3 Qd4 22.
Qe3 Rd8 23. Rd1 Qxd1+ 24. Nxd1 Rxd1+ 25. Kh2 Rd4 26. a4 f5 27. a5 h6 28. c3 Rd3 29.
Qxc5 f4 30. Qc4+ Bd5 31. Qc8+ Kh7 32. a6 e3 33. fxe3 Rxe3 34. Qf5+ 1-0

[Event "*** Titled Tuesday Blitz"]
[Site "Chess.com"]
[Date "2020.11.24"]
[Round "8"]
[White "Klavdia_Nik"]
[Black "Stormeman100100"]
[Result "0-1"]
[WhiteElo "2063"]
[BlackElo "2517"]
[TimeControl "180+1"]
[EndTime "11:45:18 PST"]
[Termination "Stormeman100100 won on time"]

1. Nf3 d5 2. c4 c6 3. b3 Nf6 4.
Bb2 g6 5. g3 Bg7 6. Bg2 O-O 7.
O-O a5 8. Nc3 Bf5 9. d3 Na6 10.
Re1 Re8 11. Nh4 Bg4 12. h3 Bc8 13. Qc2 d4 14. Ne4 e5 15. Nxf6+ Bxf6 16. Nf3 Nb4 17. Qb1 c5 18. Nd2 Bg7 19. a3 Nc6 20. Ne4 Qe7 21.
Bc1 h6 22. Kh2 f5 23. Nd2 Be6 24. Nf1 Bf7 25. Bd2 e4 0-1

[Event "*** Titled Tuesday Blitz"]
[Site "Chess.com"]
[Date "2020.11.24"]
[Round "8"]
[White "MPGM"]
[Black "Shahinyan_ChessMood"]
[Result "1-0"]
[WhiteElo "2634"]
[BlackElo "2819"]
[TimeControl "180+1"]
[EndTime "11:45:20 PST"]
[Termination "MPGM won by resignation"]

1. d4 Nf6 2. c4 c5 3. e3 g6 4. Nf3 Bg7 5. Nc3 O-O 6. Be2 b6 7. O-O Bb7 8. d5 e6 9. Re1 exd5 10. cxd5 d6 11. e4 a6 12. a4 Re8 13. Bf4 Nxe4 14. Qb3 Nd7 15. Bf1 Nxc3 16. bxc3 Qf6 17. Bd2 Qf5 18. c4 Bxa1 19. Rxa1 b5 20. axb5 axb5 21. Rxa8 Bxa8 22. Qxb5 Rb8 23. Qa4 Ne5 24. Nxe5 Qxe5 25. g3 Qb2 26. Bf4 Qb6 27. Qd7 Rd8 28. Qe7 Kg7 29. Bg5 Rg8 30. Bf6+ Kh6 31. Qe3+ g5 32. h4 Qb3 33. hxg5+ Kg6 34. Qxb3 1-0